 Seeded DCSS version 0.32-a0-128-g77eb882913 (webtiles) character file.

Game seed: 1001 (custom seed)

336 Woods the Sneak (level 6, -6/36 HPs)
             Began as an Octopode Conjurer on Feb 8, 2024.
             Mangled by Blork the orc
             ... wielding a +0 broad axe
              (8 damage)
             ... on level 4 of the Dungeon.
             The game lasted 00:06:11 (4097 turns).

Woods the Sneak (Octopode Conjurer)                 Turns: 4097, Time: 00:06:12

Health: -6/36      AC:  1    Str:  6    XL:     6   Next: 54%
Magic:  1/11       EV: 14    Int: 22    God:
Gold:   222        SH:  5    Dex: 11    Spells: 4/11 levels left

rFire   . . .        (no weapon)
rCold   . . .        (no shield)
rNeg    . . .        (helmet restricted)
rPois   .            o - amulet of reflection
rElec   .            (no ring)
rCorr   .            (no ring)
SInv    .            (no ring)
Will    .....        (no ring)
Stlth   ++++         (no ring)
HPRegen 0.26/turn    (no ring)
MPRegen 0.12/turn    (no ring)
                     (no ring)

%: reflection
@: no status effects
A: almost no armour, amphibious, 8 rings, camouflage 1, gelatinous body 1,
(nimble swimmer 1), tentacles
a: no special abilities


You were on level 4 of the Dungeon.
You visited 1 branch of the dungeon, and saw 4 of its levels.

You collected 222 gold pieces.

Inventory:

Missiles
 l - 2 throwing nets
Jewellery
 o - an amulet of reflection (around mantle)
Scrolls
 c - a scroll of immolation {unknown}
 d - 4 scrolls of identify {unknown}
 e - 2 scrolls of revelation {unknown}
 g - a scroll of noise {unknown}
 i - a scroll of fog {unknown}
 j - 2 scrolls of enchant armour {unknown}
 k - a scroll of teleportation {unknown}
 n - a scroll of vulnerability {unknown}
 p - 2 scrolls of brand weapon {unknown}
Potions
 a - 2 potions of magic
 b - 2 potions of mutation {unknown}
 f - a potion of curing {unknown}
 h - a potion of cancellation {unknown}
 m - 2 potions of brilliance {unknown}
 q - a potion of attraction {unknown}
 r - a potion of heal wounds {unknown}


   Skills:
 + Level 3.7 Dodging
 + Level 5.2 Stealth
 + Level 3.4 Spellcasting
 + Level 5.1 Conjurations


You had 4 spell levels left.
You knew the following spells:

 Your Spells              Type           Power      Damage    Failure   Level
a - Magic Dart            Conj           100%       1d8       1%          1
b - Searing Ray           Conj           52%        2d6       2%          2
c - Fulminant Prism       Conj/Alch      7%         3d7       38%         4

Your spell library contained the following spells:

 Spells                   Type           Power      Damage    Failure   Level
 Stone Arrow              Conj/Erth      30%        3d8       12%         3
 Cigotuvi's Dreadful Rot  Necr/Alch/Air  6%         N/A       19%         2
 Ensorcelled Hibernation  Hex/Ice        6%         N/A       19%         2
 Mercury Vapours          Alch/Air       6%         N/A       19%         2
 Mephitic Cloud           Conj/Alch/Air  11%        N/A       19%         3
 Fugue of the Fallen      Necr           3%         N/A       34%         3
 Iskenderun's Mystic Bla  Conj/Tloc      15%        2d5       38%         4
 Anguish                  Hex/Necr       1%         N/A       75%         4
 Ignite Poison            Fire/Alch      3%         N/A       75%         4
 Freezing Cloud           Conj/Ice/Air   5%         6-21      86%         5
 Lehudib's Crystal Spear  Conj/Erth      7%         10d3      100%        8
 Animate Armour           Summ/Erth      Unusable   N/A       N/A         4

Dungeon Overview and Level Annotations

Branches:
Dungeon (4/15)
 Temple: D:4-7

Altars:
Wu Jian

Shops:
D:3 *   D:4 [

Annotations:
D:2 1 runed translucent door, Crazy Yiuf
D:4 Blork the orc


Innate Abilities, Weirdness & Mutations

You cannot wear most types of armour.
You are amphibious.
You can wear up to eight rings at the same time.
Your skin changes colour to match your surroundings (Stealth+).
Your rubbery body absorbs attacks. (AC +1, EV +1)
((You are camouflaged when in or above water. (Stealth+)))
You have tentacles for arms and can constrict up to eight enemies at once.


Message History

Aiming: Searing Ray (safe; 2% risk of failure)
Press: ? - help, Shift-Dir - straight line, f - Blork the orc, p - ribbon worm
Aim: Blork the orc, wielding a +0 broad axe and wearing a +2 robe of positive energy (fast, 82% to hit)
The searing ray hits Blork the orc.
Blork the orc is lightly wounded. (Press . to maintain the ray.) Blork the orc points at you and mumbles some strange words.
The puff of flame hits you!
The searing ray hits Blork the orc but does no damage.
Blork the orc is lightly wounded.
The searing ray hits Blork the orc!
Blork the orc is heavily wounded.
Casting: Searing Ray (safe; 2% risk of failure)
Confirm with . or Enter, or press ? or * to list all spells.
Restarting spell: Searing Ray (safe; 2% risk of failure)
Press: ? - help, Shift-Dir - straight line, f/p - Blork the orc
Aim: Blork the orc, wielding a +0 broad axe and wearing a +2 robe of positive energy (heavily wounded, fast, 82% to hit)
The searing ray hits Blork the orc.
Blork the orc is severely wounded.
The searing ray hits the ribbon worm!
The ribbon worm is heavily wounded. (Press . to maintain the ray.) Blork the orc barely misses you.
Blork the orc screams, "I'll break your arms!"
Blork the orc hits you with a +0 broad axe!
* * * LOW HITPOINT WARNING * * *
The searing ray hits Blork the orc.
Blork the orc is severely wounded.
The searing ray hits the ribbon worm.
The ribbon worm is severely wounded.
Blork the orc gestures at you while chanting.
The magic dart hits you!
* * * LOW HITPOINT WARNING * * *
The searing ray hits Blork the orc!
Blork the orc is almost dead.
The searing ray hits the ribbon worm.
You kill the ribbon worm!
Blork the orc barely misses you.
Blork the orc hits you with a +0 broad axe!
You die...

############## #.......##...#
#.......##.(.#
#.......##∩..#############
.........'...†.o@.......>#######
#.......##...######....#.#.......
#..[....###### #....#.#.......
######### #..............
#.............. #..............
###..)........ #.......#####
#............


You could see Blork the orc (fast).

Vanquished Creatures
  A bombardier beetle (D:3)
  A hound (D:3)
  Natasha (thrice) (D:2)
  6 gnolls
  4 adders
  4 ribbon worms
  2 dart slugs
  3 orcs (D:3)
  12 bats
  7 endoplasms
  4 giant cockroaches
  7 goblins
  6 hobgoblins
  6 jackals (D:3)
  6 quokkas
  5 ball pythons
  A frilled lizard (D:1)
  11 kobolds
  7 rats
96 creatures vanquished.

Notes
Turn   | Place    | Note
-------+----------+-------------------------------------------
     0 | D:1      | Woods the Octopode Conjurer began the quest for the Orb.
     0 | D:1      | Reached XP level 1. HP: 11/11 MP: 3/3
   118 | D:1      | Reached XP level 2. HP: 17/17 MP: 1/5
   598 | D:1      | Reached XP level 3. HP: 15/21 MP: 2/6
   602 | D:1      | Learned a level 2 spell: Searing Ray
   876 | D:2      | Noticed Natasha
   879 | D:2      | Killed Natasha
   889 | D:2      | Found a runed translucent door.
   890 | D:2      | Noticed Crazy Yiuf
   963 | D:2      | Reached XP level 4. HP: 27/27 MP: 4/7
  1137 | D:2      | Noticed Natasha
  1141 | D:2      | Killed Natasha
  1147 | D:2      | Learned a level 4 spell: Fulminant Prism
  1414 | D:2      | Reached XP level 5. HP: 31/31 MP: 3/9
  1896 | D:2      | Noticed Natasha
  1908 | D:2      | Killed Natasha
  2226 | D:3      | Found a faded altar of an unknown god.
  2894 | D:3      | Reached XP level 6. HP: 36/36 MP: 7/10
  2965 | D:3      | Reached skill level 5 in Conjurations
  3027 | D:3      | Reached skill level 5 in Stealth
  3470 | D:3      | Found Pomoneux's General Store.
  3655 | D:3      | Found an ornate altar of the Wu Jian Council.
  4056 | D:4      | Found Hilup's Antique Armour Emporium.
  4076 | D:4      | Noticed Blork the orc
  4097 | D:4      | Mangled by Blork the orc

Illustrated notes

Levels and vault maps discovered:
D:1:      shiori_arrival_oz, layout_rooms, serial_glass, glass_columns_a,
          glass_columns_b, due_unseen_surprise, feat_on_display,
          item_on_display_a
D:2:      layout_basic, uniq_natasha, uniq_crazy_yiuf_cottage
D:3:      minmay_bubble_buster, layout_basic,
          nicolae_wu_jian_immortal_techniques, nicolae_ecumenical_pavilion,
          serial_shops, shop
D:4:      layout_basic, nicolae_hepliaklqana_monster_ancestors,
          kennysheep_okawaru_gauntlet, lemuel_tele_altar,
          minmay_temple_entry_junction, serial_shops, shop, uniq_edmund,
          uniq_blork_the_orc

Skill      XL: |  1  2  3  4  5  6 |
---------------+-------------------+-----
Stealth        | 3 4 5 |  5.2
Dodging        | 3 |  3.7
Spellcasting   | 3 |  3.4
Conjurations   | 5 |  5.1

Action                     |  1- 3 |  4- 6 || total
---------------------------+-------+-------++-------
  Melee: Unarmed           |    39 |     8 ||    47
         Constrict         |    12 |     2 ||    14
         Tentacles         |     6 |     1 ||     7
         Punch             |     2 |     2 ||     4
   Cast: Magic Dart        |    36 |    87 ||   123
         Searing Ray       |     1 |    22 ||    23
   Stab: Sleeping          |     1 |     1 ||     2
 Armour: Skin              |    24 |    28 ||    52
  Dodge: Dodged            |    32 |    20 ||    52
  Block: Other             |       |     3 ||     3

Table legend: (Time is in decaauts)
 A = Elapsed time spent in this place.
 B = Non-inter-level travel time spent in this place.
 C = Inter-level travel time spent in this place.
 D = Time resting spent in this place.
 E = Time spent auto-exploring this place.
 F = Levels seen in this place.
 G = Mean time per level.
                   A        B        C        D        E       F      G
               +--------+--------+--------+--------+--------+-----+--------+
         Total |   4109 |   3957 |    152 |    601 |   2671 |   4 | 1027.2 |
       Dungeon |   4109 |   3957 |    152 |    601 |   2671 |   4 | 1027.2 |
               +--------+--------+--------+--------+--------+-----+--------+

Top non-repeatable levels by time:
     D:3: 1696 daAuts
     D:2: 1293 daAuts
     D:1: 998 daAuts
     D:4: 120 daAuts
